 Dungeon Sprint DCSS version 0.30-a0-159-g068b764562 (webtiles) character file.

Game seed: 16990171021300588043

613 themarg the Sneak (level 7, 0/72 HPs)
             Began as a Troll Fighter on Sept 27, 2022.
             Was an Initiate of Jiyva.
             Slain by a centaur warrior (7 damage)
             ... in the Dungeon (Sprint I: "Red Sonja").
             The game lasted 00:04:34 (298 turns).

themarg the Sneak (Troll Fighter)                    Turns: 298, Time: 00:04:36

Health: 0/72       AC:  4    Str: 27    XL:     7   Next: 20%
Magic:  6/6        EV:  9    Int:  4    God:    Jiyva [......]
Gold:   240        SH:  8    Dex:  9    Spells: 6/6 levels left

rFire   . . .      SeeInvis +    a - +0 war axe
rCold   . . .      Faith    .    c - +0 kite shield
rNeg    . . .      Spirit   .    b - +0 robe
rPois   .          Reflect  .    (helmet restricted)
rElec   .          Harm     .    (no cloak)
rCorr   .          Rampage  .    (gloves unavailable)
Will    .....      NoTele   +    (boots unavailable)
Stlth   +++.......               (no amulet)
HPRegen 1.02/turn                g - ring of see invisible
MPRegen 0.10/turn                (no ring)

@: mighty, on berserk cooldown
A: large, unfitting armour, claws 3, regeneration 1, shaggy fur 1, tough skin 1
a: Renounce Religion


You were in the Dungeon.
You worshipped Jiyva.
Jiyva was noncommittal.
You visited 1 branch You collected 405 gold pieces.
You spent 165 gold pieces at shops.

Inventory:

Hand Weapons
 a - a +0 war axe (weapon)
Armour
 b - a +0 robe (worn)
 c - a +0 kite shield (worn)
Jewellery
 g - a ring of see invisible (left claw)
Scrolls
 f - a scroll of identify {unknown}
 j - a scroll of blinking
Potions
 e - a potion of curing
 h - 2 potions of magic


   Skills:
 + Level 5.0 Fighting
 + Level 5.0 Axes
 - Level 5.0 Dodging
 - Level 7.5 Stealth
 - Level 5.0 Shields


You had 6 spell levels left.
You didn't know any spells.
Your spell library was empty.

Dungeon Overview and Level Annotations

Branches:
Dungeon (1/1)

Altars:
Cheibriados
Dithmenos
Elyvilon
Fedhas
Gozag
Hepliaklqana
Kikubaaqudgha
Makhleb
Nemelex Xobeh
Okawaru
Qazlal
Ru
Sif Muna
Trog
Uskayaw
Vehumet
Wu Jian
Xom
Yredelemnul
Zin
The Shining One
Jiyva
Lugonu

Shops:
D =

Annotations:
D Sonja


Innate Abilities, Weirdness & Mutations

You are too large for most types of armour.
You have claws for hands.
Your natural rate of healing is unusually fast.
You are covered in fur. (AC +1)
You have tough skin. (AC +1)


Message History

The centaur warrior kicks you but does no damage.
You block the centaur warrior's attack. The centaur warrior kicks you.
The centaur warrior hits you! The centaur warrior barely misses you.
You hit the centaur warrior.
The centaur warrior is lightly wounded.
You hit the centaur warrior.
You feel yourself speed up.
The centaur warrior hits you but does no damage.
The centaur warrior kicks you. The centaur warrior closely misses you.
The centaur warrior kicks you. The centaur warrior hits you!
The centaur warrior completely misses you.
The centaur warrior hits you! The centaur warrior closely misses you.
You block the centaur warrior's attack. The centaur warrior kicks you.
You block the centaur warrior's attack. The centaur warrior kicks you.
The centaur warrior hits you but does no damage.
The centaur warrior barely misses you.
Okay, then.
You feel very mighty all of a sudden. You block the centaur warrior's attack.
The centaur warrior kicks you but does no damage.
You block the centaur warrior's attack. The centaur warrior kicks you.
You completely miss the centaur warrior.
The centaur warrior is lightly wounded.
You hit the centaur warrior. The centaur warrior hits you!
You block the centaur warrior's attack. The centaur warrior hits you.
* * * LOW HITPOINT WARNING * * *
The centaur warrior kicks you.
* * * LOW HITPOINT WARNING * * *
You block the centaur warrior's attack.
The centaur warrior kicks you but does no damage.
The centaur warrior hits you but does no damage.
The centaur warrior barely misses you.
You slice the centaur warrior!!
The centaur warrior is heavily wounded.
You barely miss the centaur warrior. The centaur warrior hits you!
* * * LOW HITPOINT WARNING * * *
The centaur warrior kicks you.
* * * LOW HITPOINT WARNING * * *
The centaur warrior hits you!
You die...

#######################
#.)').#..'..#__#..+..K#
'..#..').#..'..'..#...#
#####'#####'#__####KG..ss#
####..#...#.####§§#####ss+
#__####..##[#~§§§c# ##
#_____##'#_.§§§§@c+
#_.∩...'..._#~§§§§#
#_..__##_.#'##+####
#_____###+#[# #######
#.### ... .K. ##.## #G#


You could see 2 centaur warriors.

Vanquished Creatures
  A slime creature (D)
  Sigmund (D)
  A yak (D)
  An ogre (D)
  A jelly (D)
  Ijyb (D)
6 creatures vanquished.

Vanquished Creatures (others)
  A gargoyle (D)
  A floating eye (D)
  10 jellies (D)
12 creatures vanquished.

Grand Total: 18 creatures vanquished

Notes
Turn   | Place    | Note
-------+----------+-------------------------------------------
     0 | D        | themarg the Troll Fighter began the quest for the Orb.
     0 | D        | Reached XP level 1. HP: 22/22 MP: 0/0
     1 | D        | Noticed Ijyb
    20 | D        | Killed Ijyb
    21 | D        | Reached XP level 2. HP: 25/31 MP: 1/1
    29 | D        | Noticed an ogre
    35 | D        | Killed an ogre
    36 | D        | Reached skill level 5 in Shields
    36 | D        | Reached XP level 3. HP: 23/40 MP: 2/2
    36 | D        | Reached XP level 4. HP: 28/49 MP: 3/3
    61 | D        | Noticed Sigmund
    67 | D        | Killed Sigmund
    68 | D        | Reached skill level 5 in Fighting
    68 | D        | Reached skill level 5 in Axes
    68 | D        | Reached skill level 5 in Dodging
    68 | D        | Reached skill level 4 in Stealth
    68 | D        | Reached XP level 5. HP: 57/57 MP: 4/4
    68 | D        | Reached XP level 6. HP: 66/66 MP: 5/5
    88 | D        | Found a shimmering blue altar of Sif Muna.
    89 | D        | Found an ornate altar of the Wu Jian Council.
    90 | D        | Found a radiant altar of Vehumet.
   132 | D        | Found a viscous altar of Jiyva.
   132 | D        | Found a corrupted altar of Lugonu.
   132 | D        | Noticed a slime creature
   133 | D        | Found a burning altar of Makhleb.
   133 | D        | Found a shimmering altar of Xom.
   139 | D        | HP: 3/66 [slime creature (8)]
   149 | D        | Killed a slime creature
   150 | D        | Reached skill level 6 in Stealth
   222 | D        | Noticed a centaur warrior
   224 | D        | Noticed a centaur warrior
   230 | D        | Became a worshipper of Jiyva Jinnedu the Shapeless
   236 | D        | Killed a floating eye
   242 | D        | Noticed a kobold demonologist
   243 | D        | Noticed a floating eye
   243 | D        | Noticed a kobold demonologist
   243 | D        | Noticed a demonic crawler
   243 | D        | Noticed a demonic crawler
   243 | D        | Noticed a demonic crawler
   243 | D        | Noticed a demonic crawler
   257 | D        | Found Roileosko's Jewellery Emporium.
   257 | D        | Found an ancient bone altar of Kikubaaqudgha.
   257 | D        | Found a hazy altar of Hepliaklqana.
   257 | D        | Found a stormy altar of Qazlal.
   257 | D        | Found a hide-covered altar of Uskayaw.
   257 | D        | Found a blossoming altar of Fedhas.
   257 | D        | Found a bloodstained altar of Trog.
   257 | D        | Found an iron altar of Okawaru.
   257 | D        | Found a basalt altar of Yredelemnul.
   257 | D        | Found a glowing golden altar of the Shining One.
   257 | D        | Found a snail-covered altar of Cheibriados.
   257 | D        | Found a sacrificial altar of Ru.
   257 | D        | Found a glowing silver altar of Zin.
   257 | D        | Found a shadowy altar of Dithmenos.
   257 | D        | Found a white marble altar of Elyvilon.
   257 | D        | Noticed a yak
   263 | D        | Killed a yak
   264 | D        | Reached skill level 7 in Stealth
   264 | D        | Reached XP level 7. HP: 72/72 MP: 6/6
   264 | D        | Found an opulent altar of Gozag.
   265 | D        | Found a sparkling altar of Nemelex Xobeh.
   269 | D        | Bought a ring of see invisible for 165 gold pieces
   270 | D        | Killed a gargoyle
   282 | D        | Noticed Sonja
   282 | D        | Noticed a shining eye
   298 | D        | Slain by a centaur warrior

Illustrated notes

Levels and vault maps discovered:
D:        dungeon_sprint_1 [red_sonja_temple_1, red_sonja_temple_small_1]

Skill      XL: |  1  2  3  4  5  6 |
---------------+-------------------+-----
Fighting       | 3 4 5 |  5.0
Axes           | 2 3 5 |  5.0
Dodging        | 3 4 5 |  5.0
Shields        | 3 5 |  5.0
Stealth        | 4 7 |  7.5

Action                   |  1- 3 |  4- 6 |  7- 9 || total
-------------------------+-------+-------+-------++-------
Melee: War axe           |    21 |    26 |     3 ||    50
  Use: Potion            |     1 |     2 |     1 ||     4
 Stab: Sleeping          |       |     1 |       ||     1
Armor: Robe              |     3 |     3 |     6 ||    12
Dodge: Dodged            |     7 |     5 |     6 ||    18
Block: Kite shield       |     7 |     5 |     8 ||    20

Table legend: (Time is in decaauts)
 A = Elapsed time spent in this place.
 B = Non-inter-level travel time spent in this place.
 C = Inter-level travel time spent in this place.
 D = Time resting spent in this place.
 E = Time spent auto-exploring this place.
 F = Levels seen in this place.
 G = Mean time per level.
                   A        B        C        D        E       F      G
               +--------+--------+--------+--------+--------+-----+--------+
         Total |    314 |    314 |      0 |    100 |      0 |   1 |  314.0 |
       Dungeon |    314 |    314 |      0 |    100 |      0 |   1 |  314.0 |
               +--------+--------+--------+--------+--------+-----+--------+

Top non-repeatable levels by time:
       D: 314 daAuts
